Map: King's Cove LE

Players

BratOK (Brat_OK)

  • Race: Terran Terran
  • Spawn Location: 5:00

GunGFuBanDa - Winner!

  • Race: Protoss Protoss
  • Spawn Location: 11:00

Event: 2019 WCS Summer

VOD

Have the link to the VOD?

Description

Time

  • Played on: July 12, 2019, 10:17 a.m.
  • Length: 17:50

All games in this series

Show
View Real Time Build Order
Export as new Build Order

BratOK Terran 

Build Orders:  

Get SALT Encoding   

  12  0:01  SCV  
  13  0:13  SCV  
  14  0:18  Supply Depot  
  14  0:25  SCV  
  15  0:39  SCV  
  15  0:40  Barracks  
  16  0:44  Refinery  
  16  0:52  SCV  
  17  1:04  SCV  
  18  1:16  SCV  
  19  1:28  Orbital Command, Barracks Reactor  
  19  1:46  Command Center  
  19  1:52  Supply Depot  
  19  1:54  SCV  
  20  2:04  Factory  
  20  2:06  Marine  
  21  2:09  Marine  
  21  2:12  SCV  
  23  2:22  Bunker  
  23  2:24  Marine  
  23  2:27  Marine, SCV  
  25  2:44  Marine  
  25  2:45  Marine  
  26  2:53  Factory Tech Lab  
  25  2:58  Orbital Command  
  25  3:00  SCV  
  26  3:07  Marine  
  27  3:18  Siege Tank  
  27  3:19  SCV  
  31  3:26  Refinery  
  31  3:27  Marine  
  30  3:29  SCV  
  30  3:31  SCV  
  33  3:36  Marine  
  34  3:46  Factory  
  34  3:49  Marine  
  35  4:01  SCV  
  36  4:06  Cyclone  
  38  4:10  Supply Depot  
  38  4:11  SCV  
  38  4:13  SCV  
  38  4:14  Marine x2  
  42  4:23  SCV  
  43  4:27  SCV  
  43  4:28  Supply Depot  
  43  4:31  Factory Tech Lab  
  44  4:32  Marine x2  
  44  4:35  SCV  
  47  4:39  SCV  
  47  4:45  Cyclone  
  50  4:47  SCV  
  50  4:50  Marine x2, Supply Depot  
  50  4:51  SCV  
  50  4:52  Supply Depot  
  54  4:58  Cyclone  
  54  4:59  SCV  
  58  5:06  SCV  
  59  5:08  Marine x2  
  59  5:12  SCV, Supply Depot  
  62  5:17  Cyclone  
  65  5:26  Marine x2  
  66  5:37  Cyclone  
  66  5:38  Bunker  
  66  5:39  SCV  
  68  5:43  Marine  
  68  5:44  Marine  
  68  5:46  SCV  
  68  5:49  Cyclone  
  74  5:51  SCV  
  73  5:58  SCV  
  73  6:01  Marine  
  73  6:03  SCV  
  74  6:11  Cyclone  
  74  6:13  SCV  
  73  6:25  SCV  
  73  6:26  SCV  
  74  6:37  SCV  
  74  6:38  Marine, Command Center  
  69  6:40  SCV  
  68  6:50  SCV  
  68  6:51  Siege Tank  
  68  6:52  SCV  
  68  6:53  Refinery  
  71  7:02  SCV  
  71  7:04  SCV  
  73  7:14  Marine x2, SCV  
  69  7:16  SCV  
  69  7:20  Refinery  
  67  7:26  SCV  
  67  7:28  SCV  
  66  7:30  Siege Tank  
  66  7:32  Marine  
  66  7:36  Marine, Engineering Bay  
  71  7:38  SCV  
  71  7:40  SCV  
  72  7:46  Siege Tank  
  72  7:50  Orbital Command, Marine, SCV  
  70  7:52  SCV  
  70  7:54  Marine  
  72  8:02  Siege Tank, SCV  
  72  8:04  Missile Turret, SCV  
  72  8:05  Factory  
  77  8:08  Marine  
  77  8:09  Missile Turret  
  78  8:14  SCV  
  78  8:17  SCV, Mag-Field Accelerator  
  78  8:18  SCV  
  81  8:26  SCV  
  76  8:33  Cyclone  
  76  8:34  Cyclone  
  76  8:38  SCV x3  
  76  8:41  Missile Turret  
  80  8:50  SCV  
  80  8:53  SCV  
  81  9:00  SCV  
  81  9:02  SCV  
  83  9:03  Factory x2  
  83  9:05  SCV, Cyclone  
  83  9:06  Supply Depot x2  
  83  9:07  Cyclone  
  90  9:10  Hellion x2  
  90  9:12  SCV  
  90  9:14  SCV  
  90  9:21  Barracks Reactor, SCV  
  75  9:29  Orbital Command  
  67  9:32  Widow Mine x2  
  67  9:37  Cyclone  
  68  9:39  Cyclone  
  68  9:44  SCV  
  68  9:45  Supply Depot  
  68  9:47  Supply Depot  
  68  9:48  Factory Tech Lab  
  68  9:53  Hellion x2  
  68  9:58  SCV x2  
  74  10:08  Cyclone  
  74  10:09  Widow Mine x2, Cyclone  
  74  10:11  Cyclone  
  86  10:14  Widow Mine  
  86  10:16  Missile Turret  
  83  10:30  Orbital Command  
  81  10:38  Widow Mine x2  
  81  10:40  SCV x2, Cyclone  
  88  10:45  Cyclone x2  
  88  10:46  Hellion x2  
  98  10:52  Refinery, SCV x2  
  100  10:57  SCV  
  100  10:59  Hellion  
  103  11:05  Refinery  
  103  11:12  Cyclone  
  103  11:13  Hellion x2  
  103  11:16  SCV  
  103  11:17  Cyclone  
  112  11:20  Cyclone  
  112  11:24  SCV x2  
  111  11:26  Armory  
  111  11:28  SCV  
  112  11:36  SCV x2  
  114  11:40  SCV  
  114  11:43  Supply Depot  
  115  11:47  Cyclone  
  115  11:48  SCV  
  117  11:56  Supply Depot  
  117  11:57  Supply Depot  
  117  11:59  SCV x2  
  116  12:01  SCV  
  116  12:05  Cyclone  
  116  12:08  Widow Mine, Cyclone  
  125  12:14  SCV x2  
  124  12:16  Widow Mine  
  124  12:17  SCV  
  124  12:18  Terran Vehicle And Ship Armor Level 1  
  124  12:19  Drilling Claws, Cyclone  
  128  12:26  SCV  
  128  12:28  SCV  
  128  12:29  SCV  
  131  12:31  Widow Mine  
  131  12:32  Widow Mine  
  135  12:40  Widow Mine x2, Cyclone  
  140  12:47  Supply Depot  
  140  12:49  Supply Depot  
  136  13:10  SCV  
  137  13:13  Cyclone x3  
  137  13:14  Widow Mine x2  
  137  13:16  Supply Depot  
  137  13:17  Supply Depot x2  
  150  13:22  Missile Turret  
  150  13:24  Missile Turret  
  150  13:31  Missile Turret  
  150  13:40  Infernal Pre-Igniter  
  150  13:41  Hellion x2  
  154  13:57  Cyclone  
  154  14:02  Cyclone  
  160  14:04  Command Center  
  154  14:20  Siege Tank  
  150  14:29  Siege Tank  
  143  14:31  Hellion x2  
  143  14:34  Siege Tank  
  143  14:36  SCV x2  
  129  14:50  Hellion  
  129  14:52  Cyclone  
  132  14:54  SCV  
  133  15:01  Cyclone  
  133  15:06  Cyclone  
  135  15:16  Missile Turret  
  135  15:18  Hellion x2  
  135  15:19  SCV  
  140  15:24  Siege Tank  
  140  15:31  Planetary Fortress  
  140  15:32  SCV  
  140  15:33  SCV  
  137  15:49  Siege Tank  
  142  15:50  Siege Tank  
  142  15:51  SCV  
  142  15:55  Missile Turret  
  142  15:56  Siege Tank  
  146  16:02  SCV x2  
  146  16:04  Missile Turret  
  146  16:08  Armory  
  138  16:25  SCV x3  
  122  16:37  SCV  
  115  16:40  SCV x2  
  117  16:49  SCV  
  117  16:52  SCV x2  
  120  16:55  Cyclone x2  
  120  16:56  Widow Mine x3, Cyclone  
  135  17:01  SCV  
  135  17:04  SCV  
  104  17:17  SCV x3  
  102  17:29  SCV x3  
Show
View Real Time Build Order
Export as new Build Order

GunGFuBanDa Protoss - Winner!

Build Orders: Blink Stalkers 

Get SALT Encoding   

  12  0:00  Probe  
  13  0:12  Probe  
  14  0:17  Pylon  
  14  0:23  Probe  
  15  0:31  Probe  
  15  0:39  Probe, Gateway  
  16  0:49  Assimilator  
  17  0:52  Probe  
  18  1:01  Pylon  
  19  1:04  Probe  
  19  1:16  Probe  
  20  1:21  Gateway  
  20  1:30  Cybernetics Core  
  20  1:34  Probe  
  21  1:52  Probe  
  22  1:57  Stalker  
  22  1:58  Stalker  
  26  2:22  Nexus  
  26  2:31  Stalker  
  26  2:37  Adept  
  30  2:49  Probe, Warp Gate  
  30  3:02  Pylon  
  30  3:04  Assimilator  
  30  3:06  Probe  
  31  3:17  Probe  
  31  3:24  Twilight Council  
  31  3:25  Probe  
  32  3:32  Gateway  
  32  3:33  Probe  
  33  3:34  Probe  
  33  3:41  Probe  
  33  3:46  Probe  
  35  3:49  Probe  
  35  3:50  Blink  
  35  3:52  Robotics Facility  
  36  3:58  Probe  
  36  4:01  Probe  
  36  4:10  Probe  
  36  4:12  Pylon  
  36  4:13  Probe  
  38  4:17  Gateway  
  38  4:22  Probe  
  39  4:25  Probe  
  40  4:32  Gateway  
  40  4:34  Probe  
  40  4:36  Observer  
  41  4:43  Probe  
  43  4:46  Probe  
  43  4:48  Shield Battery  
  43  4:49  Assimilator  
  43  4:50  Stalker  
  46  4:54  Observer  
  46  4:56  Probe  
  46  4:59  Probe  
  49  5:02  Stalker  
  49  5:04  Pylon  
  49  5:15  Stalker x2  
  49  5:19  Shield Battery  
  53  5:23  Observer  
  53  5:27  Stalker, Zealot  
  57  5:38  Pylon  
  57  5:41  Pylon  
  57  5:42  Stalker x2  
  59  5:52  Pylon  
  59  5:55  Pylon  
  59  5:56  Probe  
  56  6:00  Warp Prism  
  56  6:01  Stalker x2  
  61  6:04  Probe  
  61  6:11  Stalker x2  
  67  6:24  Stalker x2  
  67  6:29  Nexus  
  67  6:39  Stalker x2  
  53  6:49  Stalker x2  
  54  7:02  Stalker x2  
  56  7:17  Stalker x2  
  56  7:22  Nexus  
  59  7:32  Stalker x2  
  57  7:48  Probe  
  58  7:53  Warp Prism  
  58  7:54  Stalker  
  58  7:55  Stalker  
  58  7:56  Stalker  
  66  8:09  Pylon  
  66  8:10  Probe  
  66  8:13  Probe  
  66  8:17  Forge  
  66  8:18  Probe  
  68  8:25  Probe  
  59  8:35  Stalker x2  
  59  8:36  Stalker x2  
  59  8:39  Probe  
  59  8:40  Probe  
  59  8:41  Probe  
  68  8:47  Probe  
  70  8:48  Assimilator x2  
  70  8:52  Probe  
  70  8:53  Probe  
  70  8:58  Protoss Ground Weapons Level 1  
  70  9:00  Charge  
  70  9:02  Zealot x3  
  77  9:03  Zealot  
  77  9:05  Observer  
  77  9:06  Probe  
  69  9:24  Warp Prism  
  69  9:28  Stalker x2, Zealot x2  
  69  9:29  Probe  
  79  9:33  Probe  
  81  9:39  Probe x2  
  81  9:45  Probe  
  84  9:49  Probe  
  84  9:50  Observer, Probe, Gateway  
  84  9:52  Immortal  
  85  9:53  Gateway  
  85  9:56  Pylon  
  86  10:01  Templar Archives  
  86  10:03  Probe x2  
  86  10:05  Observer  
  92  10:12  Probe  
  93  10:14  Sentry, Zealot x2  
  93  10:15  Zealot, Probe  
  93  10:18  Assimilator  
  102  10:23  Immortal  
  97  10:38  Probe x2  
  99  10:43  Observer  
  99  10:45  Pylon  
  99  10:46  Pylon  
  99  10:47  Pylon  
  99  10:49  Stargate  
  99  10:50  Probe  
  94  10:58  High Templar x2  
  94  10:59  Stalker x3  
  104  11:06  Protoss Ground Weapons Level 2  
  104  11:08  Immortal  
  104  11:09  Archon  
  106  11:15  Stalker  
  106  11:18  Probe x2  
  108  11:24  Nexus  
  108  11:25  Pylon  
  102  11:26  Stalker  
  102  11:27  Stalker  
  106  11:35  Robotics Bay  
  106  11:37  Warp Prism  
  106  11:39  Zealot x2  
  110  11:44  Stalker  
  112  11:53  Zealot x3  
  120  12:02  Pylon  
  120  12:03  Dark Shrine  
  120  12:04  Pylon  
  120  12:07  High Templar  
  120  12:08  Zealot, Colossus, High Templar  
  122  12:13  Archon  
  120  12:18  Zealot x3  
  124  12:23  Observer  
  124  12:27  Extended Thermal Lance  
  128  12:32  Probe x2  
  128  12:34  Photon Cannon  
  128  12:36  Stalker  
  132  12:38  Zealot  
  132  12:51  Probe x4  
  136  12:59  Observer  
  136  13:03  Probe  
  136  13:05  Probe x2  
  140  13:07  Assimilator, Fleet Beacon  
  140  13:10  Assimilator, Oracle  
  143  13:12  Pylon  
  143  13:14  Protoss Ground Weapons Level 3  
  143  13:15  Colossus  
  143  13:21  Photon Cannon, Pylon  
  143  13:23  Observer, Photon Cannon  
  149  13:28  Photon Cannon  
  149  13:47  Carrier  
  141  13:50  Dark Templar x3  
  147  13:55  Stalker x2  
  147  13:56  Zealot  
  159  14:03  Warp Prism  
  159  14:18  Protoss Air Weapons Level 1  
  159  14:19  Zealot x2, Dark Templar  
  157  14:25  Zealot x3  
  162  14:32  Carrier  
  152  14:39  Probe x2  
  152  14:41  Colossus  
  152  14:44  Probe x2  
  148  14:51  Probe  
  148  14:52  Probe  
  160  14:55  Nexus  
  158  15:01  Pylon  
  158  15:02  High Templar x2  
  158  15:03  Zealot, High Templar x2, Pylon  
  158  15:06  Archon  
  168  15:07  Archon  
  168  15:22  Pylon  
  168  15:24  Dark Templar x2  
  168  15:28  Carrier  
  168  15:33  Observer  
  168  15:35  Zealot x4  
  172  15:37  Pylon  
  172  15:39  Warp Prism  
  180  15:47  Gravitic Drive  
  180  15:48  Protoss Shields Level 1  
  176  15:50  Photon Cannon  
  176  15:52  Photon Cannon  
  174  16:00  Assimilator  
  174  16:03  Assimilator  
  174  16:11  Zealot  
  174  16:12  Zealot x2, Dark Templar  
  182  16:18  Gateway  
  182  16:22  Gateway  
  182  16:24  Gateway  
  172  16:31  Zealot  
  172  16:32  Zealot x2  
  172  16:36  Carrier  
  158  16:43  Zealot x2  
  158  16:44  Zealot  
  162  16:49  Warp Prism  
  162  16:54  Zealot, Dark Templar  
  170  16:55  Dark Templar  
  174  17:04  Shield Battery  
  174  17:06  Pylon  
  174  17:11  Zealot x3  
  162  17:27  Zealot x5  
  162  17:28  Zealot  
  160  17:42  High Templar x3  
  170  17:47  Archon  
  170  17:49  Zealot  
  170  17:50  Zealot x5  
Tags
 
Add a new tag
Caveats
  • Supply blocks, unpowered buildings, or Contaminate may cause inaccurate times.
  • Supply counts are checked every 10 seconds.